 Dungeon Crawl Stone Soup version 0.32-a0-818-gb728d0252e (webtiles) character file.

Game seed: 2449653580004195043

2838136 freelancePsychic the Petrodigitator (level 26, 239/239 HPs)
             Began as a Mountain Dwarf Fighter on Mar 23, 2024.
             Was a High Priest of Cheibriados.
             Escaped with the Orb
             ... and 5 runes!
             The game lasted 02:11:29 (81186 turns).

freelancePsychic the Petrodigitator (MDFi)         Turns: 81186, Time: 02:11:29

Health: 239/239    AC: 49    Str: 42    XL:     26   Next: 72%
Magic:  31/31      EV: 19    Int: 27    God:    Cheibriados [*****.]
Gold:   4297       SH: 34    Dex: 29    Spells: 22/49 levels left

rFire   + + +        a - +18 lance "Wyrmbane" {slay drac, rPois rF+ rC+ AC+3}
rCold   + + +        Z - +8 tower shield of the Saviour {rElec rF+ Will- Str+6}
rNeg    . . .        H - +12 plate armour of Intercession {rPois rF+ rC+}
rPois   +            h - +2 helmet {SInv}
rElec   +            X - +2 cloak {Will+}
rCorr   +            Y - +0 pair of gloves
SInv    +            B - +2 pair of boots of Haock {rElec rF+}
Will    ++...        b - amulet of the Peasants {rC++ RegenMP+ rCorr Str-3 SInv} Stlth
                     P - ring of the Eight Leylines {rPois rF+ AC+4 Dex+4 Slay-2}
HPRegen 0.59/turn    J - ring of wizardry
MPRegen 0.62/turn

%: wizardry (x1)
@: studying 5 skills, very slow
A: runic magic, artefact enchanting, low MP 2, persistent drain
0: Orb of Zot
}: 5/15 runes: serpentine, barnacled, slimy, silver, abyssal
a: Renounce Religion, Bend Time, Temporal Distortion, Slouch, Step From Time


You escaped.
You worshipped Cheibriados.
Cheibriados was extremely pleased with you.
You visited 10 branches of the dungeon, and saw 52 of its levels.
You visited the Abyss 3 times.
You visited 1 bazaar.
You also visited: Trove, Ossuary, Wizlab and Desolation.

You collected 8572 gold pieces.
You spent 4275 gold pieces at shops.

Inventory:

Hand Weapons
 a - the +18 lance "Wyrmbane" (weapon) {slay drac, rPois rF+ rC+ AC+3}
   (You found it in the Desolation of Salt)

   AC+3:      It affects your AC (+3).
   rF+:       It protects you from fire.
   rC+:       It protects you from cold.
   rPois:     It protects you from poison.
Missiles
 r - 9 curare-tipped darts (quivered)
 F - 6 throwing nets
Armour
 h - a +2 helmet of see invisible (worn)
 B - the +2 pair of boots of Haock (worn) {rElec rF+}
   (You found it in the Desolation of Salt)

   rF+:       It protects you from fire.
   rElec:     It insulates you from electricity.
 H - the +12 plate armour of Intercession (worn) {rPois rF+ rC+}
   (You found it on level 1 of the Snake Pit)

   rF+:       It protects you from fire.
   rC+:       It protects you from cold.
   rPois:     It protects you from poison.
 X - a +2 cloak of willpower (worn)
 Y - a +0 pair of gloves (worn)
 Z - the +8 tower shield of the Saviour (worn) {rElec rF+ Will- Str+6}
   (You acquired it on level 1 of the Elven Halls)

   Str+6:     It affects your strength (+6).
   rF+:       It protects you from fire.
   rElec:     It insulates you from electricity.
   Will-:     It decreases your willpower.
Jewellery
 b - the amulet of the Peasants (around neck) {rC++ RegenMP+ rCorr Str-3 SInv}
   (You took it off Norris on level 3 of the Elven Halls)

   [amulet of magic regeneration]

   It increases your rate of magic regeneration.
   Str-3:     It affects your strength (-3).
   rC++:      It greatly protects you from cold.
   SInv:      It lets you see invisible.
   rCorr:     It protects you from acid and corrosion.
   RegenMP+:  It increases your rate of magic regeneration.
 d - the ring of Midwinter {rPois EV+5 Int+3}
   (You found it in a treasure trove)

   [ring of evasion]

   EV+5:      It affects your evasion (+5).
   Int+3:     It affects your intelligence (+3).
   rPois:     It protects you from poison.
 e - the ring of Idwykuw {rC+ rN+ Str+3 Dex+7 Slay-5}
   (You found it in a treasure trove)

   [ring of protection from cold]

   Str+3:     It affects your strength (+3).
   Dex+7:     It affects your dexterity (+7).
   Slay-5:    It affects your accuracy & damage with ranged weapons and melee
   (-5).
   rC+:       It protects you from cold.
   rN+:       It protects you from negative energy.
 E - the ring "Dajak" {rCorr Int+5}
   (You bought it in a shop on level 2 of the Orcish Mines)

   [ring of resist corrosion]

   Int+5:     It affects your intelligence (+5).
   rCorr:     It protects you from acid and corrosion.
 J - a ring of wizardry (right hand)
 K - an amulet of regeneration
 P - the ring of the Eight Leylines (left hand) {rPois rF+ AC+4 Dex+4 Slay-2}
   (You bought it in a shop on level 2 of the Orcish Mines)

   [ring of protection]

   AC+4:      It affects your AC (+4).
   Dex+4:     It affects your dexterity (+4).
   Slay-2:    It affects your accuracy & damage with ranged weapons and melee
   (-2).
   rF+:       It protects you from fire.
   rPois:     It protects you from poison.
 Q - the ring "Wapligop" {Fly Int+2 Dex+5}
   (You found it in a treasure trove)

   [ring of flight]

   Int+2:     It affects your intelligence (+2).
   Dex+5:     It affects your dexterity (+5).
   Fly:       It grants you flight.
 U - the ring of Itzay {rPois rC+ rN+ Dex-3}
   (You found it in a treasure trove)

   [ring of protection from cold]

   Dex-3:     It affects your dexterity (-3).
   rC+:       It protects you from cold.
   rPois:     It protects you from poison.
   rN+:       It protects you from negative energy.
Wands
 u - a wand of acid (7)
 G - a wand of flame (129)
 M - a wand of charming (43)
 N - a wand of polymorph (27)
 R - a wand of mindburst (24)
 T - a wand of warping (72)
Scrolls
 f - 11 scrolls of teleportation {@r4}
 i - 16 scrolls of noise
 m - 7 scrolls of fear
 n - 11 scrolls of immolation
 v - 4 scrolls of poison
 y - 2 scrolls of enchant armour
 z - 5 scrolls of amnesia
 A - 4 scrolls of fog
 C - 3 scrolls of silence
 D - 2 scrolls of revelation
 L - 13 scrolls of identify {@r1}
 S - a scroll of blinking
Potions
 g - 4 potions of resistance
 j - 5 potions of mutation
 k - 5 potions of invisibility
 p - 13 potions of brilliance
 q - 6 potions of enlightenment
 s - 4 potions of cancellation
 w - 12 potions of curing {@q1}
 x - 10 potions of heal wounds {@q2}
 I - a potion of berserk rage
 O - 10 potions of lignification
 V - 7 potions of attraction
 W - 5 potions of degeneration
Miscellaneous
 c - a phial of floods
 t - a box of beasts


   Skills:
 - Level 20.0 Fighting
 - Level 17.8(18.4) Axes
 - Level 6.8(12.0) Polearms
 - Level 0.1 Throwing
 - Level 16.8 Armour
 + Level 12.1 Dodging
 - Level 21.0 Shields
 - Level 12.4 Spellcasting
 - Level 9.3 Necromancy
 - Level 14.2 Ice Magic
 O Level 27 Earth Magic
 + Level 15.7 Invocations


You had 22 spell levels left.
You knew the following spells:

 Your Spells              Type           Power      Damage    Failure   Level
a - Fugue of the Fallen   Necr           61%        N/A       1%          3
b - Lee's Rapid Deconstr  Erth           52%        3d24*     0%          5
c - Permafrost Eruption   Ice/Erth       45%        2x4d13    1%          6
d - Dispel Undead         Necr           61%        3d21      1%          4
e - Shatter               Erth           52%        3d39*     3%          9

Your spell library contained the following spells:

 Spells                   Type           Power      Damage    Failure   Level
 Sandblast                Erth           100%       2d20      0%          1
 Passwall                 Erth           100%       N/A       0%          3
 Necrotise                Necr           100%       1d9       1%          1
 Cigotuvi's Dreadful Rot  Necr/Alch/Air  66%        N/A       1%          2
 Ensorcelled Hibernation  Hex/Ice        100%       N/A       1%          2
 Sublimation of Blood     Necr           61%        N/A       1%          2
 Hailstorm                Conj/Ice       53%        3d10      1%          3
 Ozocubu's Armour         Ice            76%        N/A       1%          3
 Stone Arrow              Conj/Erth      100%       3d13      1%          3
 Summon Ice Beast         Ice/Summ       53%        N/A       1%          3
 Vampiric Draining        Necr           61%        2d10      1%          3
 Animate Armour           Summ/Erth      100%       N/A       1%          4
 Animate Dead             Necr           61%        N/A       1%          4
 Brom's Barrelling Bould  Conj/Erth      74%        2d9       1%          4
 Leda's Liquefaction      Alch/Erth      37%        N/A       1%          4
 Petrify                  Alch/Erth      74%        N/A       1%          4
 Borgnjor's Vile Clutch   Necr/Erth      43%        N/A       1%          5
 Curse of Agony           Necr           61%        N/A       1%          5
 Bombard                  Conj/Erth      37%        9d6       1%          6
 Apportation              Tloc           32%        N/A       2%          1
 Magic Dart               Conj           64%        1d6       2%          1
 Shock                    Conj/Air       64%        1d7       2%          1
 Slow                     Hex            64%        N/A       2%          1
 Summon Small Mammal      Summ           64%        N/A       2%          1
 Blink                    Tloc           32%        N/A       3%          2
 Call Imp                 Summ           32%        N/A       3%          2
 Jinxbite                 Hex            32%        N/A       3%          2
 Lesser Beckoning         Tloc           32%        N/A       3%          2
 Momentum Strike          Conj/Tloc      32%        3d8       3%          2
 Scorch                   Fire           32%        2d6       3%          2
 Searing Ray              Conj           32%        2d5       3%          2
 Static Discharge         Conj/Air       32%        3-5/arc   3%          2
 Anguish                  Hex/Necr       21%        N/A       3%          4
 Martyr's Knell           Necr/Summ      42%        N/A       3%          4
 Metabolic Englaciation   Hex/Ice        26%        N/A       3%          5
 Ozocubu's Refrigeration  Ice            38%        4d15      6%          7
 Call Canine Familiar     Summ           16%        N/A       7%          3
 Confusing Touch          Hex            16%        N/A       7%          3
 Gell's Gravitas          Tloc           16%        N/A       7%          3
 Inner Flame              Hex/Fire       16%        N/A       7%          3
 Sigil of Binding         Hex            16%        N/A       7%          3
 Swiftness                Air            16%        N/A       7%          3
 Teleport Other           Tloc           16%        N/A       7%          3
 Tukima's Dance           Hex            16%        N/A       7%          3
 Volatile Blastmotes      Fire/Tloc      32%        2d12      7%          3
 Death Channel            Necr           30%        N/A       8%          6
 Sculpt Simulacrum        Ice/Alch       26%        N/A       19%         6
 Airstrike                Air            8%         2d(2-18)  22%         4
 Flame Wave               Conj/Fire      16%        2d7       22%         4
 Fulminant Prism          Conj/Alch      8%         3d6       22%         4
 Ignite Poison            Fire/Alch      16%        N/A       22%         4
 Iskenderun's Mystic Bla  Conj/Tloc      16%        2d5       22%         4
 Manifold Assault         Tloc           16%        N/A       22%         4
 Olgreb's Toxic Radiance  Alch           16%        N/A       22%         4
 Passage of Golubria      Tloc           16%        N/A       22%         4
 Sticky Flame             Fire/Alch      16%        2d5       22%         4
 Summon Blazeheart Golem  Fire/Summ      16%        N/A       22%         4
 Summon Lightning Spire   Summ/Air       16%        N/A       22%         4
 Vhi's Electric Charge    Tloc/Air       32%        N/A       22%         4
 Lehudib's Crystal Spear  Conj/Erth      37%        10d9      50%         8
 Alistair's Intoxication  Alch           10%        N/A       52%         5
 Arcjolt                  Conj/Air       8%         1d18      52%         5
 Fireball                 Conj/Fire      8%         3d6       52%         5
 Irradiate                Conj/Alch      8%         3d14      52%         5
 Iskenderun's Battlesphe  Conj           16%        2d7       52%         5
 Summon Forest            Summ/Tloc      8%         N/A       52%         5
 Summon Mana Viper        Hex/Summ       16%        N/A       52%         5
 Yara's Violent Unravell  Hex/Alch       8%         3d5       52%         5
 Haunt                    Necr/Summ      21%        N/A       94%         7
 Borgnjor's Revivificati  Necr           30%        N/A       95%         8
 Conjure Ball Lightning   Conj/Air       8%         3x3d6     96%         6
 Dispersal                Tloc           8%         N/A       96%         6
 Eringya's Noxious Bog    Alch           8%         4d6       96%         6
 Plasma Beam              Fire/Air       8%         2x1d18    96%         6
 Starburst                Conj/Fire      8%         6d4       96%         6
 Summon Cactus Giant      Summ           8%         N/A       96%         6
 Monstrous Menagerie      Summ           8%         N/A       100%        7
 Orb of Destruction       Conj           8%         9d6       100%        7
 Spellforged Servitor     Conj/Summ      8%         N/A       100%        7
 Summon Hydra             Summ           8%         N/A       100%        7
 Discord                  Hex            8%         N/A       100%        8
 Disjunction              Tloc           8%         N/A       100%        8
 Ignition                 Fire           8%         3d5       100%        8
 Maxwell's Capacitive Co  Air            8%         ∞         100%        8
 Death's Door             Necr           30%        N/A       100%        9
 Fire Storm               Conj/Fire      8%         8d2       100%        9


Dungeon Overview and Level Annotations

Branches:
Dungeon (15/15)            Temple (0/1) D:6            Lair (5/5) D:10
 Shoals (4/4) Lair:3        Snake (4/4) Lair:2        Slime (5/5) Lair:5
    Orc (2/2) D:9             Elf (3/3) Orc:2        Vaults (5/5) D:13
  Crypt (0/3) Vaults:3     Depths (4/4) D:15            Zot (5/5) Depths:4
Ossuary (visited)          WizLab (visited)         Desolation (visited)

Altars:
Cheibriados
Elyvilon
Fedhas
Hepliaklqana
Kikubaaqudgha
Qazlal
Ru
Sif Muna
Trog
Uskayaw
Vehumet
Wu Jian
Zin

Shops:
D:2 :   D:4 :   D:5 [   D:13 [   Orc:2 *=!*   Elf:1 =[   Elf:2 [   Elf:3 :
Shoals:2 :   Snake:4 *   Depths:1 [([

Portals:
Hell: Depths:1 Depths:2 Depths:3 Depths:4
Abyss: Depths:3
Pandemonium: Depths:2 Depths:4
Ziggurat: Depths:3

Annotations:
D:8 1 transporter, avangion's ghost, journeyman DECj
Lair:1 3 runed translucent doors, exclusion: oklob plant, Otedoll's ghost, journeyman DECj
Lair:4 2 runed translucent doors, Hoaki's ghost, journeyman HONe
Elf:2 3 runed translucent doors
Depths:4 DeathSocks's ghost, veteran VSBr
Zot:5 1 exclusion


Innate Abilities, Weirdness & Mutations

Your spellcasting is much less encumbered by armour.
You can use scrolls of enchantment on lesser artefacts.
Your magical capacity is very low. (-20% MP)
Your health recovers twice as slowly from being drained.


Message History

The angel is severely wounded.
You block the angel's attack. x2
You impale the angel!!
The angel is almost dead.
You impale the angel!!
You kill the angel!
Cheibriados thoroughly appreciates the change of pace.
No target in view!
No target in view!
No target in view!
No target in view!
No target in view!
No target in view!
No target in view!
No target in view!
No target in view!
No target in view!
What level of the Dungeon? (default 1, ? - help)
There is a stone staircase leading up here.
You climb upwards.
There is a stone staircase leading down, spattered with blood here.
There is a stone staircase leading up here.
You climb upwards.
There is a stone staircase leading down here.
You see here a quokka skeleton.
There is a stone staircase leading up here.
You climb upwards.
There is a stone staircase leading down here.
You see here 6 stones.
There is a stone staircase leading up here.
You climb upwards.
There is a stone staircase leading down here.
There is a stone staircase leading up here.
You climb upwards.
There is a stone staircase leading down here.
You see here a +0 ring mail.
There is an open door here.
There is a staircase leading out of the dungeon here.
Unknown command.
You have escaped!

#.##.#######........####
#.##........>...........
###.#######........#......
##...# #..................
#..#.####...........#......
#.........[.........#####.#
#.#####.#####......#### #..
#.#...#.#...#.#.......# ##.
#.#...#.'.@.#...#..##÷## #.
##.#...#.#...#.#.#..##..# ##
#[.##'##.#####...#.####.##
#..............##..# #.>#
#..#####.##'##.#...# ##.##
#..#...#.#...#.#.#.# #..##
#..#...'.#.>.#.#.#.# ##..#
#..#...#.#...#...#.# ##..
##.#####.#####.#.#.########.


There were no monsters in sight!

Vanquished Creatures
  the Royal Jelly (Slime:5)
  A seraph (D:8)
  A dread lich (Vaults:5)
  Frederick (Vaults:4)
  An orb of fire (Zot:1)
  A pandemonium lord (Zot:5)
  3 royal mummies (Depths:3)
  Boris (Elf:3)
  Sojobo (Vaults:4)
  Saint Roka (Vaults:1)
  2 curse toes
  8 golden dragons
  3 caustic shrikes
  Norris (Elf:3)
  Nikola (Vaults:1)
  Jory (Vaults:4)
  2 bone dragons
  A Tzitzimitl (Depths:1)
  Jorgrun (Snake:1)
  6 tentacled monstrosities
  An Ice Fiend (Zot:1)
  14 Orb Guardians
  Mlioglotl (Snake:2)
  4 deep elf blademasters (Elf:3)
  4 titans
  Asterion (Elf:3)
  4 liches
  A walking divine tome (Depths:3)
  11 acid blobs
  3 deep elf master archers (Elf:3)
  Frances (Shoals:2)
  10 sphinxes
  9 death cobs
  6 tentacled starspawn
  9 quicksilver dragons
  A thorn hunter (Abyss:4)
  Polyphemus (Shoals:2)
  12 shadow dragons
  Ilsuiw (Shoals:2)
  Aizul (Snake:2)
  Roxanne (Shoals:2)
  5 nagarajas
  7 tengu reavers
  9 storm dragons
  2 draconian monks (Zot:1)
  Donald (Orc:2)
  11 rockslimes (Slime:5)
  9 azure jellies (Slime:5)
  A protean progenitor (Zot:3)
  7 fire giants
  5 draconian shifters
  10 frost giants
  6 deep elf sorcerers
  3 draconian knights
  7 iron dragons
  26 vault wardens
  3 imperial myrmidons (Desolation)
  2 ghost moths
  3 draconian scorchers
  2 deep elf elementalists (Elf:3)
  2 angels
  5 draconian stormcallers
  12 quicksilver oozes
  23 very ugly things
  4 spriggan defenders
  11 stone giants
  A broodmother (shapeshifter) (Vaults:1)
  A draconian annihilator (Zot:1)
  A balrug (Depths:4)
  A caustic shrike skeleton (Abyss:2)
  23 ironbound preservers
  14 formless jellyfish
  14 ironbound thunderhulks
  2 deep elf demonologists (Elf:3)
  5 vampire knights
  12 black draconians
  A lorocyproca (Depths:1)
  7 deep elf annihilators
  9 spark wasps
  4 deep elf death magi
  3 war gargoyles
  9 dire elephants
  17 purple draconians
  7 green draconians
  10 red draconians
  Azrael (Snake:3)
  7 yellow draconians
  9 white draconians
  12 ettins
  2 green deaths (Depths:4)
  2 blizzard demons
  2 mummy priests (Depths:3)
  7 statues (WizLab)
  3 entropy weavers
  3 crystal guardians
  9 merfolk impalers
  Josephine (D:11)
  5 ragged hierophants (Desolation)
  11 fire dragons
  5 merfolk javelineers
  15 yaktaur captains
  2 entropy weavers (shapeshifter)
  4 deep elf high priests
  9 great orbs of eyes
  2 spectral krakens (Shoals:2)
  A spriggan zombie (Depths:3)
  11 ice dragons
  7 rakshasas
  5 servants of whispers (Desolation)
  38 vault guards
  2 ghost crabs (Shoals:2)
  14 hydras
  12 peacekeepers
  3 ogre magi
  2 salamander tyrants
  A hell beast (Depths:1)
  14 ironbound frosthearts
  A sphinx zombie (Depths:2)
  3 catoblepae
  3 merfolk avatars
  3 spriggan air magi
  15 centaur warriors
  7 boulder beetles
  9 two-headed ogres
  5 alligator snapping turtles
  3 satyrs
  11 deep troll earth magi
  A tengu warrior (Depths:4)
  3 merfolk aquamancers (Shoals:4)
  7 deep troll shamans
  10 anacondas
  18 dancing weapons
  20 death yaks
  4 hell hogs
  4 occultists
  4 thrashing horrors
  7 orc high priests
  9 naga sharpshooters
  9 naga warriors
  Urug (Lair:3)
  7 shock serpents
  6 spriggan berserkers
  A soul eater (Depths:4)
  16 hell knights
  16 deep elf knights
  2 wretched stars
  5 salamander mystics
  12 skysharks
  6 iron trolls
  13 sea snakes
  A spectral spark wasp (Depths:1)
  A spatial maelstrom (Abyss:2)
  4 large abominations
  A sixfirhy (Depths:2)
  A bunyip zombie (Abyss:2)
  A spark wasp zombie (Depths:2)
  2 arcanists (Vaults:4)
  61 deep trolls
  2 flayed ghosts
  4 glowing orange brains
  3 shadow demons
  3 bog bodies (Shoals:4)
  13 mana vipers
  A swamp dragon (Abyss:4)
  2 spriggan druids (Depths:2)
  A sea snake (shapeshifter) (Vaults:5)
  17 deep elf archers
  3 thermic dynamos
  24 ironbound convokers
  A kraken simulacrum (Shoals:4)
  10 orc knights
  13 lindwurms
  A sun moth (shapeshifter) (Elf:1)
  8 necromancers
  Pikel (D:6)
  11 naga ritualists
  34 deep elf pyromancers
  10 phantasmal warriors
  An obsidian bat (Abyss:2)
  14 harpies
  21 deep elf zephyrmancers
  A harpy (shapeshifter) (Elf:2)
  A cyclops (shapeshifter) (Vaults:5)
  19 manticores
  24 ugly things
  3 orc sorcerers
  6 cyclopes
  A manticore (shapeshifter) (Vaults:5)
  20 fauns
  A meliai (shapeshifter) (Elf:1)
  9 elephants
  3 worldbinders
  A centaur zombie (D:15)
  3 meliai (D:15)
  A shining eye (Slime:5)
  7 salamanders
  16 vault sentinels
  23 guardian serpents
  11 merfolk sirens
  6 molten gargoyles (Desolation)
  2 kobold blastminers (Orc:2)
  A torpor snail (Lair:4)
  28 moths of wrath
  A toenail golem (Zot:3)
  A frost giant skeleton (Depths:2)
  3 apocalypse crabs (Abyss:4)
  5 smoke demons
  8 cane toads
  4 gargoyles
  2 eyes of devastation (Slime:5)
  37 black mambas
  An unseen horror (D:11)
  2 spectral sea snakes (Shoals:2)
  16 naga magi
  6 water nymphs
  Maggie (D:7)
  A centaur skeleton (D:15)
  An unseen horror (shapeshifter) (Elf:1)
  2 kobold demonologists
  3 rime drakes
  42 yaktaurs
  A tormentor (Abyss:2)
  13 komodo dragons
  3 spectral merfolk (Shoals:2)
  4 ancient zymes
  3 freezing wraiths
  A spectral water nymph (Shoals:2)
  17 tengu conjurers
  A tengu simulacrum (Depths:3)
  8 trolls
  3 polar bears
  30 merfolk
  6 hellwings
  6 wind drakes
  A troll (shapeshifter) (Elf:1)
  A polar bear (shapeshifter) (D:15)
  7 hornets
  3 glass eyes
  Prince Ribbit (D:6)
  A raiju (shapeshifter) (Elf:1)
  58 saltlings
  9 snapping turtles
  13 blink frogs
  2 raiju
  10 dream sheep
  2 centaur simulacra
  7 air elementals
  5 ynoxinuls
  55 slime creatures
  Sigmund (D:5)
  19 water elementals
  15 starcursed masses
  A culicivora (Vaults:2)
  A spectral wind drake (Shoals:2)
  42 yaks
  23 spriggans (Depths:2)
  7 wraiths
  3 wyverns
  4 fire elementals
  4 basilisks
  8 golden eyes (Abyss:4)
  4 redbacks
  3 fire bats (Abyss:2)
  A neqoxec (Abyss:2)
  2 wargs (Orc:1)
  A chaos spawn (Abyss:2)
  4 small abominations
  Menkaure (Ossuary)
  27 nagas
  14 water moccasins
  6 acid dragons
  A human skeleton (Depths:3)
  8 hell hounds
  3 ice beasts
  3 sky beasts
  2 laughing skulls (D:13)
  5 black bears
  28 orc warriors
  3 ogres
  4 wolves (Lair:5)
  6 boggarts
  6 centaurs
  3 lemures
  5 kobold brigands
  2 phantoms
  8 weeping skulls (Abyss:2)
  13 bullfrogs
  2 gnoll sergeants
  2 scorpions
  8 wights
  9 killer bees
  A human simulacrum (Vaults:4)
  3 electric eels
  5 hounds
  A quasit (Abyss:2)
  2 bombardier beetles
  3 jellies
  25 orc priests
  An iron imp (Abyss:4)
  14 iguanas
  13 orc wizards
  3 sleepcaps
  Ijyb (D:3)
  6 hell rats (Lair:4)
  3 mummies (Ossuary)
  Robin (D:3)
  3 adders
  14 gnolls
  A shadow imp (D:8)
  4 white imps
  4 ufetubi
  2 ribbon worms
  54 orcs
  5 endoplasms
  2 giant cockroaches
  A gnoll zombie (Ossuary)
  12 goblins
  10 hobgoblins
  6 quokkas
  2 ball pythons
  4 bats
  A frilled lizard (D:3)
  5 gnoll skeletons (Ossuary)
  3 goblin skeletons (Ossuary)
  2 goblin zombies (Ossuary)
  3 hobgoblin skeletons (Ossuary)
  8 hobgoblin zombies (Ossuary)
  18 kobolds
  3 kobold skeletons (Ossuary)
  3 kobold zombies (Ossuary)
  5 orc skeletons (Ossuary)
  7 orc zombies (Ossuary)
  5 rats
  6 rat skeletons (Ossuary)
  4 rat zombies (Ossuary)
  An aspiring flesh (Zot:3)
  2 starspawn tentacles
  6 tentacles
2377 creatures vanquished.

Vanquished Creatures (others)
  A merfolk aquamancer (Shoals:1)
  3 centaur warriors (Vaults:1)
  2 deep elf knights
  A deep elf pyromancer (Elf:2)
  3 deep elf zephyrmancers
  A guardian serpent (Snake:1)
  A tengu conjurer (WizLab)
  A saltling (Desolation)
  2 water elementals (Shoals:1)
  2 nagas
  A lurking horror (Abyss:4)
  16 starspawn tentacles
  16 tentacles
50 creatures vanquished.

Grand Total: 2427 creatures vanquished

Notes
Turn   | Place    | Note
-------+----------+-------------------------------------------
     0 | D:1      | freelancePsychic the Mountain Dwarf Fighter began the quest
                  | for the Orb.
     0 | D:1      | Reached XP level 1. HP: 19/19 MP: 1/1
   183 | D:1      | Reached XP level 2. HP: 25/26 MP: 2/2
   502 | D:2      | Found an ancient bone altar of Kikubaaqudgha.
   832 | D:2      | Reached XP level 3. HP: 33/33 MP: 3/3
  1145 | D:2      | Reached XP level 4. HP: 9/40 MP: 4/4
  1286 | D:2      | Found Kuelaahy's Vocational Training.
  1530 | D:3      | Noticed Ijyb
  1680 | D:4      | Noticed a black bear
  1747 | D:3      | Killed Ijyb
  2040 | D:3      | Noticed Robin
  2063 | D:3      | Killed Robin
  2064 | D:3      | Reached XP level 5. HP: 34/47 MP: 5/5
  2450 | D:4      | Found Kero Teq's Self-Improvement Boutique.
  2593 | D:4      | Reached skill level 5 in Fighting
  2593 | D:4      | Reached skill level 5 in Armour
  2593 | D:4      | Reached XP level 6. HP: 38/56 MP: 6/6
  2629 | D:4      | Reached skill level 5 in Axes
  2835 | D:4      | Found a hazy altar of Hepliaklqana.
  3256 | D:4      | Reached XP level 7. HP: 52/62 MP: 7/7
  3289 | D:4      | Identified the +8 dagger of Subiuq {freeze, +Blink Int+3}
  3371 | D:4      | Found a white marble altar of Elyvilon.
  3378 | D:4      | Found a snail-covered altar of Cheibriados.
  3382 | D:4      | Became a worshipper of Cheibriados the Contemplative
  3399 | D:5      | Entered Level 5 of the Dungeon
  3450 | D:5      | Reached skill level 1 in Invocations
  3515 | D:5      | Found a sand-covered staircase.
  3519 | Ossuary  | Entered an ossuary
  3828 | Ossuary  | Noticed Menkaure
  3851 | Ossuary  | HP: 2/63 [Menkaure (12)]
  3853 | Ossuary  | Killed Menkaure
  4209 | D:5      | Noticed Sigmund
  4232 | D:5      | Killed Sigmund
  4233 | D:5      | Reached XP level 8. HP: 60/71 MP: 9/11
  4400 | D:5      | Found Jefreso's Antique Armour Emporium.
  4454 | D:5      | Bought a glimmering scarf for 270 gold pieces
  4454 | D:5      | Identified the scarf of Amenas {shadows, -Cast Rampage
                  | rPois Stlth+} (You bought it in a shop on level 5 of the
                  | Dungeon)
  4676 | D:5      | Reached skill level 5 in Invocations
  4781 | D:6      | Noticed Pikel
  5014 | D:6      | Reached * piety under Cheibriados
  5166 | D:6      | Killed Pikel
  5167 | D:6      | Reached XP level 9. HP: 76/81 MP: 12/14
  5307 | D:6      | Found a staircase to the Ecumenical Temple.
  6106 | D:6      | Reached ** piety under Cheibriados
  6448 | D:7      | Noticed Prince Ribbit
  6551 | D:6      | Killed Prince Ribbit
  7001 | D:7      | Noticed Maggie
  7012 | D:7      | Killed Maggie
  7013 | D:7      | Reached skill level 5 in Shields
  7478 | D:7      | Found a glowing silver altar of Zin.
  7704 | D:8      | Reached XP level 10. HP: 67/91 MP: 16/16
  7846 | D:8      | Reached *** piety under Cheibriados
  7926 | D:8      | Noticed a catoblepas
  7927 | D:8      | Noticed avangion's ghost (journeyman DECj)
  7935 | D:8      | Noticed a moth of wrath
  7945 | D:8      | Found a transporter.
  7980 | D:8      | Found a sacrificial altar of Ru.
  8365 | D:8      | Reached skill level 10 in Axes
  8851 | D:8      | You fall into a shaft and drop 1 floor!
  8953 | D:9      | Noticed a cyan ugly thing
  8953 | D:9      | Noticed a cyan ugly thing
  8953 | D:9      | Noticed a white ugly thing
  8953 | D:9      | Noticed a cyclops
  9542 | D:9      | Reached skill level 10 in Fighting
  9552 | D:9      | Reached **** piety under Cheibriados
  9639 | D:9      | Paralysed by a hornet for 3 turns
  9997 | D:9      | Noticed a two-headed ogre
 10009 | D:9      | Killed a two-headed ogre
 10010 | D:9      | Reached skill level 10 in Invocations
 10247 | D:9      | Reached skill level 1 in Necromancy
 10253 | D:9      | Found a staircase to the Orcish Mines.
 10544 | D:10     | Entered Level 10 of the Dungeon
 10544 | D:10     | Noticed a two-headed ogre
 10559 | D:10     | Killed a two-headed ogre
 10559 | D:10     | Noticed an elephant
 10565 | D:9      | Reached XP level 11. HP: 101/101 MP: 18/18
 10590 | Orc:1    | Entered Level 1 of the Orcish Mines
 10640 | Orc:2    | Entered Level 2 of the Orcish Mines
 10655 | Orc:2    | Found a staircase to the Elven Halls.
 10674 | Orc:2    | Noticed Donald
 11229 | Orc:2    | Reached skill level 1 in Polearms
 11545 | Orc:2    | Reached ***** piety under Cheibriados
 11687 | Orc:2    | Killed Donald
 12329 | D:10     | Found a staircase to the Lair.
 12777 | D:10     | Found a stormy altar of Qazlal.
 12794 | D:10     | Noticed a two-headed ogre
 12799 | D:10     | Found a shimmering blue altar of Sif Muna.
 12816 | D:10     | Reached skill level 5 in Necromancy
 12942 | D:10     | Got Sif Muna's Collected Works on Ignition
 12947 | D:10     | Found a bloodstained altar of Trog.
 13175 | D:10     | Killed a two-headed ogre
 13518 | D:10     | Found an ornate altar of the Wu Jian Council.
 13787 | D:11     | Noticed a boulder beetle
 13798 | D:11     | Killed a boulder beetle
 13853 | D:11     | Noticed a boulder beetle
 13870 | D:11     | Killed a boulder beetle
 13885 | D:11     | Learned a level 3 spell: Fugue of the Fallen
 13911 | D:11     | Reached XP level 12. HP: 97/113 MP: 19/19
 13953 | D:11     | Noticed Josephine
 13966 | D:11     | Killed Josephine
 14970 | D:12     | Noticed a two-headed ogre
 15069 | D:11     | Killed a two-headed ogre
 15279 | Lair:1   | Entered Level 1 of the Lair of Beasts
 15809 | Lair:1   | Found a runed translucent gate.
 15809 | Lair:1   | Found a runed translucent gate.
 15809 | Lair:1   | Found a runed translucent gate.
 15813 | Lair:1   | Noticed Otedoll's ghost (journeyman DECj)
 15813 | Lair:1   | Noticed Otedoll's ghost (journeyman DECj)
 15816 | Lair:1   | Noticed a death yak
 15817 | Lair:1   | Noticed a death yak
 15817 | Lair:1   | Noticed a death yak
 15822 | Lair:1   | Noticed a death yak
 15826 | Lair:1   | Killed a death yak
 15826 | Lair:1   | Noticed a death yak
 15829 | Lair:1   | Killed a death yak
 15829 | Lair:1   | Killed a death yak
 15831 | Lair:1   | Killed a death yak
 15840 | Lair:1   | Killed a death yak
 15968 | Lair:1   | Reached ****** piety under Cheibriados
 15971 | Lair:1   | Reached skill level 1 in Earth Magic
 15971 | Lair:1   | Reached XP level 13. HP: 119/123 MP: 20/20
 15980 | Lair:1   | Reached skill level 1 in Ice Magic
 16322 | Lair:2   | Reached skill level 2 in Earth Magic
 17020 | Lair:2   | Reached skill level 3 in Earth Magic
 17284 | Lair:2   | Found a staircase to the Snake Pit.
 17292 | Lair:2   | Reached skill level 1 in Spellcasting
 17944 | Lair:3   | Identified the +1 leather armour of Yesterday {*Corrode
                  | Int+6 Dex+5}
 18011 | Lair:3   | Noticed Urug
 18026 | Lair:3   | Killed Urug
 18468 | Lair:3   | Found a staircase to the Shoals.
 18645 | Lair:3   | Reached skill level 4 in Earth Magic
 18842 | Lair:3   | Reached skill level 15 in Axes
 19747 | Lair:4   | Found a large runed translucent door.
 19749 | Lair:4   | Found a large runed translucent door.
 19756 | Lair:4   | Noticed Hoaki's ghost (journeyman HONe)
 20324 | Lair:4   | Reached skill level 5 in Earth Magic
 21010 | Lair:5   | Entered Level 5 of the Lair of Beasts
 21119 | Lair:5   | Reached XP level 14. HP: 113/133 MP: 15/21
 21517 | Lair:5   | Reached skill level 15 in Fighting
 21709 | Lair:5   | Reached skill level 6 in Earth Magic
 22039 | Lair:5   | Reached skill level 5 in Ice Magic
 22852 | Lair:5   | Found a staircase to the Slime Pits.
 23742 | D:12     | Found a shimmering blue altar of Sif Muna.
 24351 | D:13     | Reached skill level 7 in Earth Magic
 24453 | D:13     | Found a gate to the Vaults.
 24905 | D:13     | Found Deru's Antique Armour Shoppe.
 24945 | D:13     | Bought a glowing cloak for 270 gold pieces
 24962 | D:13     | Learned a level 5 spell: Lee's Rapid Deconstruction
 24969 | D:13     | Learned a level 6 spell: Permafrost Eruption
 25464 | D:14     | Identified a scroll of acquirement
 25466 | D:14     | Acquired a manual of Spellcasting
 25724 | D:14     | Reached XP level 15. HP: 143/143 MP: 22/22
 25853 | D:15     | Entered Level 15 of the Dungeon
 25856 | D:15     | Found a blossoming altar of Fedhas.
 26963 | D:15     | Reached skill level 10 in Shields
 26969 | D:15     | Reached skill level 8 in Earth Magic
 27378 | D:15     | Found a staircase to the Depths.
 29891 | Orc:2    | Found Zaco's Distillery.
 29891 | Orc:2    | Found Cyutoogg's Assorted Antiques.
 29892 | Orc:2    | Found Mihunk's Assorted Antiques.
 29892 | Orc:2    | Found Jixkeud Sutt's Jewellery Shop.
 29899 | Orc:2    | Bought 2 potions of curing for 90 gold pieces
 29899 | Orc:2    | Bought a potion of degeneration for 15 gold pieces
 29900 | Orc:2    | Bought a smoking lapis lazuli ring for 155 gold pieces
 29900 | Orc:2    | Identified the ring "Dajak" {rCorr Int+5} (You bought it in
                  | a shop on level 2 of the Orcish Mines)
 29902 | Orc:2    | Bought the ring of the Eight Leylines {rPois rF+ AC+4 Dex+4
                  | Slay-2} for 813 gold pieces
 29903 | Orc:2    | Bought a murky amethyst potion for 30 gold pieces
 29903 | Orc:2    | Bought a purple potion for 30 gold pieces
 29903 | Orc:2    | Bought a bubbling inky potion for 30 gold pieces
 30085 | Snake:1  | Entered Level 1 of the Snake Pit
 30128 | Snake:1  | Noticed Jorgrun
 30137 | Snake:1  | Killed Jorgrun
 30138 | Snake:1  | Reached skill level 9 in Earth Magic
 31080 | Snake:1  | Identified the +12 plate armour of Intercession {rPois rF+
                  | rC+}
 31360 | Snake:1  | Reached XP level 16. HP: 129/152 MP: 23/23
 32019 | Snake:1  | HP: 7/152 [constriction (4)]
 32448 | Shoals:1 | Entered Level 1 of the Shoals
 32675 | Shoals:1 | Reached skill level 10 in Earth Magic
 34438 | Shoals:2 | Noticed Ilsuiw
 34814 | Shoals:2 | Killed Ilsuiw
 34969 | Shoals:2 | Identified the +1 leather armour of the Eight Princes {rF++
                  | rC+}
 34994 | Shoals:2 | Reached skill level 11 in Earth Magic
 35035 | Shoals:2 | Noticed Polyphemus
 35064 | Shoals:2 | Killed Polyphemus
 35270 | Shoals:2 | Noticed Roxanne
 35307 | Shoals:2 | Killed Roxanne
 35603 | Shoals:2 | Noticed Frances
 35624 | Shoals:2 | Killed Frances
 35734 | Shoals:2 | Found Iquofeik's Book Shoppe.
 36058 | Shoals:3 | Reached XP level 17. HP: 138/162 MP: 12/24
 36849 | Shoals:3 | Identified the +8 sling of Yceomesk {speed, ^Contam rElec
                  | rCorr}
 36984 | Shoals:4 | Entered Level 4 of the Shoals
 37450 | Shoals:4 | Reached skill level 10 in Ice Magic
 37509 | Shoals:4 | Reached skill level 12 in Earth Magic
 37735 | Shoals:4 | Got a barnacled rune of Zot
 37845 | Shoals:4 | HP: 7/163 [merfolk siren/+0 trident (8)]
 38687 | Shoals:4 | Identified the ring "Gywur" {rPois MP+9 Str+3}
 38703 | Shoals:4 | Reached skill level 5 in Spellcasting
 39811 | Shoals:4 | Identified the +6 halberd of Qazlal's Favour {holy, *Rage
                  | rF+ Int+5 Stlth-}
 40222 | Orc:2    | Bought a scroll of enchant weapon for 232 gold pieces
 40222 | Orc:2    | Bought a scroll of teleportation for 93 gold pieces
 40222 | Orc:2    | Bought a potion of heal wounds for 155 gold pieces
 40843 | Snake:2  | Identified the serpent talisman of Happy Babbling {Stlth+}
 40843 | Snake:2  | Noticed Aizul
 40851 | Snake:2  | Killed Aizul
 40925 | Snake:2  | Noticed Mlioglotl
 40945 | Snake:2  | Killed Mlioglotl
 40949 | Snake:2  | Reached skill level 13 in Earth Magic
 41193 | Snake:2  | Found a hide-covered altar of Uskayaw.
 41627 | Snake:3  | Reached XP level 18. HP: 151/172 MP: 28/28
 42069 | Snake:3  | Identified the +8 orcbow of Seadu {drain, rElec Dex+5}
 42080 | Snake:3  | Noticed Azrael
 42089 | Snake:3  | Killed Azrael
 43034 | Snake:4  | Entered Level 4 of the Snake Pit
 43145 | Snake:4  | Found Hude's General Store.
 43149 | Snake:4  | Bought a potion of curing for 30 gold pieces
 43474 | Snake:4  | Identified the blade talisman of Yhoomig {rC+ Str+3 Int+3
                  | Dex+2}
 44185 | Snake:4  | Got a serpentine rune of Zot
 44519 | Snake:4  | Reached skill level 14 in Earth Magic
 45093 | Elf:1    | Entered Level 1 of the Elven Halls
 45306 | Elf:1    | Found a radiant altar of Vehumet.
 45531 | Elf:1    | Found Qinnutoo's Jewellery Boutique.
 45570 | Elf:1    | Found a flickering gateway to a bazaar.
 45583 | Bazaar   | Entered a bazaar
 45583 | Bazaar   | Found Nugeaps's Antique Weapon Shoppe.
 45583 | Bazaar   | Found Koleyzoest's Jewellery Emporium.
 45671 | Bazaar   | Found Homn's Antique Weapon Shoppe.
 45687 | Bazaar   | Found Pibluy's Book Emporium.
 45695 | Bazaar   | Bought the Unrestrained Analects for 352 gold pieces
 45720 | Elf:1    | Acquired the +4 tower shield of the Saviour {rElec rF+
                  | Will- Str+6}
 45778 | Elf:1    | Found a shimmering blue altar of Sif Muna.
 45814 | Elf:1    | Paralysed by an air elemental for 1 turns
 45820 | Elf:1    | Paralysed by an air elemental for 1 turns
 46378 | Elf:1    | Found Ludiras's Antique Armour Shoppe.
 46487 | Elf:1    | Reached skill level 10 in Spellcasting
 46660 | Elf:1    | Got the Elucidation of Algid Fate
 46824 | Elf:2    | Reached skill level 10 in Armour
 46872 | Elf:2    | Reached XP level 19. HP: 130/179 MP: 19/33
 47263 | Elf:2    | Found Maxamos's Armour Boutique.
 47491 | Elf:2    | Found a runed translucent gate.
 47494 | Elf:2    | Found a runed translucent gate.
 47495 | Elf:2    | Found a runed translucent gate.
 47561 | Elf:2    | Found a portal to a secret trove of treasure.
 47685 | Elf:3    | Entered Level 3 of the Elven Halls
 47817 | Elf:3    | Reached skill level 15 in Earth Magic
 48106 | Elf:3    | Found Oziuj's Self-Published Books.
 48322 | Elf:3    | Noticed Asterion
 48330 | Elf:3    | Killed Asterion
 49073 | Elf:3    | Reached skill level 1 in Dodging
 49077 | Elf:3    | Identified the amulet of the Peasants {rC++ RegenMP+ rCorr
                  | Str-3 SInv}
 49077 | Elf:3    | Noticed Norris
 49098 | Elf:3    | Identified the +6 scale mail of the Morning {rN++}
 49103 | Elf:3    | Killed Norris
 49357 | Abyss:2  | Cast into level 2 of the Abyss (a deep elf sorcerer)
 49378 | Abyss:2  | Found a corrupted altar of Lugonu.
 49380 | Elf:3    | Escaped the Abyss
 49528 | Elf:3    | Identified the staff of Umu Wasm {rElec Int+5 Air Alchemy}
 49528 | Elf:3    | Identified the +2 robe of Terror {rPois Regen+}
 49528 | Elf:3    | Noticed Boris
 49547 | Elf:3    | Killed Boris
 49564 | Elf:3    | Identified the +5 hand axe of Elenytt {heavy, rF+ Will+
                  | Str+3 Stlth-}
 49596 | Elf:3    | Identified the +6 long sword "Zeenn" {freeze, rF++ rN+++
                  | Will+ Dex-3}
 49596 | Elf:3    | Identified the ring of Hoicot {rElec rC+ Str+2 Int-5 Dex+6}
 50628 | Vaults:1 | Entered Level 1 of the Vaults
 50743 | Vaults:1 | Found a magical portal.
 50765 | WizLab   | Entered Iskenderun's Mystic Tower
 50804 | WizLab   | Reached skill level 15 in Shields
 51523 | WizLab   | Reached XP level 20. HP: 175/187 MP: 32/36
 51895 | WizLab   | Got Iskenderun's Secrets of Force
 51895 | WizLab   | Got Iskenderun's Compendium of Wounds
 52081 | Vaults:1 | Reached skill level 16 in Earth Magic
 52418 | Vaults:1 | Noticed Nikola
 52430 | Vaults:1 | Killed Nikola
 52626 | Vaults:1 | Noticed Saint Roka
 52641 | Vaults:1 | Killed Saint Roka
 53481 | Vaults:2 | Reached skill level 5 in Dodging
 54744 | Vaults:3 | Reached skill level 17 in Earth Magic
 54822 | Vaults:3 | Found a staircase to the Crypt.
 55080 | Vaults:3 | Identified the +7 sling "Jiesam" {heavy, Fly Str+3 Int-4}
 55150 | Vaults:3 | Reached XP level 21. HP: 139/194 MP: 27/37
 55591 | Vaults:3 | You fall into a shaft and drop 1 floor!
 55596 | Vaults:4 | Noticed Sojobo
 55602 | Vaults:4 | Noticed Jory
 55620 | Vaults:4 | Killed Sojobo
 55630 | Vaults:4 | Killed Jory
 55728 | Vaults:4 | Identified the orb of Youthful Indiscretion {light, Dex-2
                  | Slay+2 Stlth+}
 55728 | Vaults:4 | Noticed Frederick
 55733 | Vaults:4 | Killed Frederick
 55828 | Vaults:4 | Found a crumbling gateway.
 55849 | Desolati | Entered the Desolation of Salt
 55899 | Desolati | Reached skill level 18 in Earth Magic
 56583 | Desolati | Found the +8 lance "Wyrmbane" {slay drac, rPois rF+ rC+
                  | AC+3}
 56590 | Desolati | Got the Opusculum on Conjuration
 56591 | Desolati | Identified the +6 scale mail of the Oni {Regen+ Int+3}
 56592 | Desolati | Identified the +1 pair of boots of Haock {rElec rF+}
 57254 | Desolati | Got the Quarto of Plasticity
 57258 | Desolati | Identified the ring "Huic" {Fly AC+4}
 57267 | Desolati | Identified the ring "Okliper" {rPois rF+ AC+4}
 57373 | Desolati | Got the Tome of Abhorrent Acts
 57374 | Desolati | Identified the +4 falchion of Imminent Death {freeze, rN+++
                  | Will- Int-3 Dex+3}
 57383 | Desolati | Got the Compilation of the Singed Escort
 57411 | Desolati | Identified the staff "Feroj" {rElec Str+5 Int-5 Air}
 57413 | Desolati | Identified the +1 scale mail of Submission {^Contam rC++
                  | rN+ Int-4}
 57805 | Vaults:4 | Paralysed by a formless jellyfish for 1 turns
 57942 | Vaults:4 | Reached skill level 5 in Polearms
 58287 | Vaults:4 | Reached XP level 22. HP: 202/202 MP: 38/38
 58311 | Vaults:4 | Identified the amulet "Hoqacim" {Acrobat Fly}
 58970 | Vaults:4 | Reached skill level 19 in Earth Magic
 59723 | Vaults:3 | Learned a level 4 spell: Dispel Undead
 60421 | Elf:3    | Bought the Tome of Earth from Core to Peak for 1710 gold
                  | pieces
 60431 | Elf:3    | Learned a level 9 spell: Shatter
 60939 | Depths:1 | Entered Level 1 of the Depths
 61053 | Depths:1 | Found Vics's Armour Shop.
 61153 | Depths:1 | Paralysed by an air elemental for 1 turns
 61169 | Depths:1 | Paralysed by an air elemental for 1 turns
 61366 | Depths:1 | Found Sin Ate's Armour Shoppe.
 61371 | Depths:1 | Found Typsocia's Antique Weapon Shoppe.
 61826 | Depths:1 | Found a gateway to Hell.
 62092 | Depths:2 | Paralysed by a vampire knight for 2 turns
 62210 | Depths:2 | Identified the flux talisman of Poor Excuses {rF+ Str+3
                  | Dex+2}
 62394 | Depths:2 | Found a one-way gate leading to the halls of Pandemonium.
 62581 | Depths:2 | Reached skill level 20 in Earth Magic
 63185 | Depths:3 | Identified the +0 scale mail of the Fiend {Dex+8}
 63275 | Depths:3 | Found a one-way gateway to a ziggurat.
 63502 | Depths:3 | Found a one-way gate to the infinite horrors of the Abyss.
 63546 | Depths:3 | Reached XP level 23. HP: 193/209 MP: 39/39
 63576 | Depths:3 | Voluntarily entered the Abyss.
 63673 | Abyss:2  | Gained mutation: Your health recovers twice as slowly from
                  | being drained. [a neqoxec]
 64263 | Abyss:2  | Paralysed by accursed screaming for 1 turns
 64335 | Abyss:3  | Found a corrupted altar of Lugonu.
 64393 | Depths:3 | Escaped the Abyss
 64493 | Abyss:4  | Cast into level 4 of the Abyss (hell knight)
 64563 | Abyss:4  | Got an abyssal rune of Zot
 64800 | Abyss:4  | Paralysed by accursed screaming for 1 turns
 65095 | Depths:3 | Escaped the Abyss
 65195 | Depths:3 | Reached skill level 21 in Earth Magic
 65258 | Depths:3 | Paralysed by a vampire knight for 5 turns
 65980 | Depths:3 | Found a white marble altar of Elyvilon.
 66350 | Depths:3 | Noticed a royal mummy
 66359 | Depths:3 | Killed a royal mummy
 66700 | Depths:3 | Noticed a royal mummy
 67138 | Depths:3 | Noticed a royal mummy
 67361 | Depths:3 | Killed a royal mummy
 67424 | Depths:3 | Killed a royal mummy
 67619 | Depths:3 | Reached skill level 15 in Armour
 67619 | Depths:3 | Found the +7 sceptre of Torment {pain, torment}
 67693 | Depths:4 | Entered Level 4 of the Depths
 67822 | Depths:3 | Reached skill level 22 in Earth Magic
 68005 | Depths:4 | Noticed a caustic shrike
 68007 | Depths:4 | Noticed a caustic shrike
 68026 | Depths:4 | Noticed a caustic shrike
 68037 | Depths:3 | Killed a caustic shrike
 68236 | Depths:3 | Reached XP level 24. HP: 208/216 MP: 39/39
 68828 | Depths:4 | Found a runed translucent gate.
 68829 | Depths:4 | Found a runed translucent gate.
 69189 | Depths:4 | Found a gate to the Realm of Zot.
 69345 | Depths:4 | Noticed DeathSocks's ghost (veteran VSBr)
 69346 | Depths:4 | Found a runed translucent gate.
 69360 | Depths:4 | Paralysed by a Zot trap for 5 turns
 69853 | Depths:4 | Identified the +0 helmet of Nemelex Xobeh's Regard {Int+2}
 70227 | Slime:1  | Entered Level 1 of the Pits of Slime
 70550 | Slime:5  | Entered Level 5 of the Pits of Slime
 70794 | Slime:5  | Reached skill level 23 in Earth Magic
 71423 | Slime:5  | Noticed the Royal Jelly
 71593 | Slime:5  | Killed the Royal Jelly
 71739 | Slime:5  | Identified the staff of the Dancing Butterfly {*Corrode
                  | Dex+3 Hexes Earth}
 71746 | Slime:5  | Identified the +0 sling of the Hidden Vale {heavy, Fly
                  | rPois Str+3 Dex-3}
 71775 | Slime:5  | Identified the amulet of Reimbursement {Acrobat rCorr Dex+3
                  | Stlth-}
 71801 | Slime:5  | Identified the +7 whip of the Dark Horse {vamp, rPois MP+9}
 71806 | Slime:5  | Got a slimy rune of Zot
 71808 | Slime:5  | Got Valudit's Notes on Calcination and Thunder
 72011 | Slime:4  | Reached skill level 24 in Earth Magic
 72356 | Elf:2    | You showed the abyssal rune of Zot to enter a treasure
                  | trove
 72357 | Trove    | Entered a treasure trove
 72362 | Trove    | Identified the ring of Idwykuw {rC+ rN+ Str+3 Dex+7 Slay-5}
 72368 | Trove    | Identified the ring of Midwinter {rPois EV+5 Int+3}
 72376 | Trove    | Identified the ring "Wapligop" {Fly Int+2 Dex+5}
 72379 | Trove    | Identified the ring of Itzay {rPois rC+ rN+ Dex-3}
 72384 | Trove    | Identified the amulet "Joruol" {rPois RegenMP+ Str+5
                  | Stlth-}
 72386 | Trove    | Identified the ring "Gitteim" {^Contam Fly rC+ Int+2}
 72777 | Vaults:5 | Entered Level 5 of the Vaults
 72784 | Vaults:5 | Identified the ring of Panom {*Slow Fly rC+ rN+}
 72859 | Vaults:5 | Reached skill level 25 in Earth Magic
 72911 | Vaults:5 | Reached XP level 25. HP: 157/224 MP: 13/39
 72912 | Vaults:5 | Noticed a dread lich
 73057 | Vaults:5 | Killed a dread lich
 73060 | Vaults:5 | Reached skill level 26 in Earth Magic
 73684 | Vaults:5 | Paralysed by a sphinx for 4 turns
 73928 | Vaults:5 | Reached skill level 27 in Earth Magic
 74492 | Vaults:5 | Found the +8 mithril axe "Arga" {speed, Will+}
 74609 | Vaults:5 | Identified the +8 plate armour "Piggov" {-Tele rElec rC+
                  | Str+9}
 74630 | Vaults:5 | Identified the +4 short sword of Crystal {pain, Dex+4}
 74631 | Vaults:5 | Identified the +0 plate armour "Olibugis" {Regen+ MP+9
                  | Slay-6 SInv}
 74788 | Vaults:5 | Identified the +5 mace of the Mauling Ancients {drain,
                  | Str+3 Int+3 Dex+2}
 74858 | Vaults:5 | Got a silver rune of Zot
 75045 | Vaults:5 | Got Fettat's Atlas of Arcane Combat
 75482 | Zot:1    | Entered Level 1 of the Realm of Zot
 75714 | Zot:1    | Noticed an orb of fire
 75790 | Zot:1    | Gained mutation: Your muscles are strong. (Str +4, Int/Dex
                  | -1) [an orb of fire]
 75803 | Zot:1    | Gained mutation: Your magical capacity is low. (-10% MP)
                  | [an orb of fire]
 75804 | Zot:1    | Killed an orb of fire
 75926 | Zot:1    | Reached skill level 10 in Dodging
 77111 | Zot:2    | Reached XP level 26. HP: 237/237 MP: 35/35
 77951 | Zot:3    | Identified the +0 leather armour of Nihilism {MP+9 Stlth+}
 78154 | Zot:3    | Identified the staff of Distraction {*Corrode Fly rN+ Int+4
                  | Necro Earth}
 79437 | Zot:5    | Entered Level 5 of the Realm of Zot
 80338 | Zot:5    | Noticed an orb of fire
 80338 | Zot:5    | Noticed an orb of fire
 80346 | Zot:5    | Lost mutation: Your muscles are strong. (Str +4, Int/Dex
                  | -1) [an orb of fire]
 80349 | Zot:5    | Gained mutation: Your magical capacity is very low. (-20%
                  | MP) [an orb of fire]
 80372 | Zot:5    | Noticed an ancient lich
 80374 | Zot:5    | Noticed an orb of fire
 80374 | Zot:5    | Got the Orb of Zot
 80418 | Zot:5    | Noticed Azxurch the pandemonium lord
 80446 | Zot:5    | Killed Azxurch the pandemonium lord
 80481 | Zot:4    | Reached skill level 15 in Invocations
 80980 | D:8      | Noticed a seraph
 80990 | D:8      | Killed a seraph
 81186 | D:$      | Escaped with the Orb!

Illustrated notes

Levels and vault maps discovered:
D:1:      minmay_arrival_four_houses, layout_rooms
D:2:      layout_loops_ring, basic_altar, dk_vineyard_3, minmay_misc_feat_tiny,
          nicolae_shop_vocational
D:3:      layout_rooms, serial_forest, infiniplex_forest_clump_curved,
          infiniplex_forest_lined_2, infiniplex_forest_zigzag_1,
          infiniplex_forest_side_room, infiniplex_forest_clump_double,
          uniq_ijyb, uniq_robin
D:4:      layout_basic, nicolae_hepliaklqana_hippocampus, jmf_multi_god_temple2,
          grunt_decor_arrowhead, nicolae_shop_self_help
D:5:      layout_cave_pools, serial_shops, shop, nicolae_ossuary_entry_plus,
          serial_rivers, chequers_serial_rivers_micro_b,
          chequers_serial_rivers_micro_e, chequers_serial_rivers_micro_d,
          chequers_serial_rivers_room_b, chequers_serial_rivers_small_b,
          chequers_serial_rivers_room_b, uniq_sigmund
D:6:      layout_basic, temple_green, uniq_pikel
D:7:      layout_loops_cross, lemuel_doored_altar, uniq_prince_ribbit1,
          uniq_maggie
D:8:      layout_basic, nicolae_ru_sacrificial_ziggurat,
          gammafunk_ghost_berserking_beasts
D:9:      minmay_klotski, layout_irregular_city, david_orc_3, dk_noncrumbling_3
D:10:     layout_small_grid, nzn_overflow_gifts_of_might_and_magic,
          mainiacjoe_overflow_catwalk, nzn_wu_jian_council_hall,
          david_lair_generic
D:11:     layout_roguey, minmay_misc_feat_hallway, uniq_josephine
D:12:     layout_cave_pools, led_sif_pool
D:13:     layout_gridville, grunt_vaults_entry_fortified, serial_shops, shop
D:14:     layout_roguey, chequers_serial_rivers_marsh
D:15:     grunt_enter_depths_magical_seal, layout_loops_ring, fedhas_altar_3
Lair:1:   beast_lair_carwin_large_4, layout_cave_shapes,
          gammafunk_ghost_cemetery, minivault_26, nicolae_lair_lil_pond
Lair:2:   layout_regular_city, alex1729_snake_entry_snake
Lair:3:   layout_cave_pods, elwin_shoals_entry_rocks, uniq_urug
Lair:4:   layout_cave_pods, ebering_ghost_disaster_area,
          chequers_serial_rivers_micro_d, minmay_shattered_shrine,
          infiniplex_staircase_pool
Lair:5:   grunt_lair_end_beastmaster, layout_layer_cave,
          dpeg_slime_entry_enclosed, nicolae_quartered_pool_super
Shoals:1: layout_shoals
Shoals:2: layout_shoals, serial_shops, shop_statue, nicolae_shoals_land_atoll,
          nicolae_shoals_spectral_cove, uniq_ilsuiw, uniq_roxanne, uniq_frances,
          uniq_polyphemus
Shoals:3: layout_shoals
Shoals:4: shoals_end_grunt_ice, layout_shoals, nicolae_shoals_secluded_bog
Snake:1:  layout_misc_corridors, nicolae_snake_magic_snake_eye,
          serial_bayou_shore_a, uniq_jorgrun
Snake:2:  nicolae_aizul_guard, layout_rooms, basic_altar, uniq_mlioglotl
Snake:3:  nicolae_snake_nest, layout_grid_maze, uniq_azrael
Snake:4:  snake_pit_salamanders_mu, layout_misc_corridors, serial_shops, shop,
          nicolae_snake_gridmaze_big_u
Slime:1:  layout_caves
Slime:2:  layout_caves
Slime:3:  layout_caves, nicolae_slime_barrier
Slime:4:  layout_caves
Slime:5:  slime_pit_nicolae_royal_road_to_ruin
Orc:1:    layout_diamond_mine
Orc:2:    st_orc_pillars, layout_diamond_mine, uniq_donald
Elf:1:    eino_elf_arrival_altar, layout_geoelf_octagon, serial_shops,
          bzr_entry_dummy, shop, nicolae_elf_shapeshifter_party,
          minmay_shop_enchanted_jewellery, lemuel_statue_altar
Elf:2:    nicolae_elf_blades_splatter_lattice [nicolae_blade_entry_antechamber],
          layout_rooms, enter_trove_0, serial_shops,
          nicolae_shop_window_shopping
Elf:3:    minmay_elf_hall_furrowed, layout_geoelf_castle, nicolae_custom_books,
          uniq_norris, uniq_asterion, uniq_boris
Vaults:1: lightli_enter_wizlab_magi_temple, grunt_vaults_funnel,
          hangedman_vaults_hat, nicolae_vaults_hallways_thing, v_misc_27,
          vaults_dpeg_encased_lava, nicolae_vaults_cochlea,
          hangedman_vaults_cutoff, nicolae_vaults_mini_display_case,
          nicolae_vaults_alarming, nicolae_vaults_halls_meeting,
          layout_vaults_omnibox, uniq_nikola, uniq_saint_roka
Vaults:2: nicolae_vaults_trapezoid_lopsided_1, nicolae_vaults_surprise_closet,
          dpeg_vaults_monster_box, ontoclasm_vaults_hangar,
          ontoclasm_vaults_eye, vaults_room_boxed, nicolae_vaults_apartment_2,
          vaults_dpeg_emergency_exit, nicolae_vaults_diamond_2,
          layout_vaults_chaotic_city
Vaults:3: kennysheep_ogre_elephant_herders, nicolae_vaults_meiosis,
          nicolae_vaults_tetromino_T_1, hangedman_vaults_slice,
          hangedman_vaults_slice, ontoclasm_vaults_decontamination,
          hangedman_vaults_trim, v_pattern_1, layout_vaults_omnigrid,
          dummy_crypt_entry
Vaults:4: portal_desolation_entry_salt, nicolae_vaults_big_ls,
          nicolae_vaults_closet_pinwheel_6, ontoclasm_vaults_misaligned,
          hangedman_vaults_nodes, nicolae_vaults_trapezoid_1, serial_ice_m,
          nicolae_vaults_triangles, nicolae_vaults_shock_wave,
          nicolae_vaults_trapezoid_lopsided_4, ontoclasm_vaults_loading_screen,
          nicolae_vaults_heart-shaped_vault, nicolae_vaults_border_crossing,
          vaults_room_pools, layout_vaults_ring, uniq_frederick, uniq_sojobo,
          uniq_jory
Vaults:5
Depths:1: layout_roguey, dreamdust_wishing_well, grunt_mini_vestibule,
          serial_shops, kennysheep_mini, dreamdust_looks_like_rain,
          minmay_shop_star
Depths:2: minmay_spriggan_fort, layout_cave_shapes, rand_demon_pan_entry_8,
          hell_entry, grunt_ministairs_14, infiniplex_staircase_door_maze
Depths:3: minmay_guarded_unrand_sceptre_of_torment, layout_long_grid,
          enter_ziggurat_e, serial_bayou, serial_bayou_lake_a,
          serial_bayou_pond_b, serial_bayou_ford_a, serial_bayou_pond_d,
          elyvilon_altar_3, hell_entry, abyss_entry, minmay_alternating_orb
Depths:4: grunt_twist_and_shout, layout_cave_shapes,
          hangedman_decor_peaks_small, special_room [special_room_mythical_zoo],
          rand_demon_pan_entry_5, grunt_hell_entry_dis_mu,
          gammafunk_ghost_tricky_traps, serial_bayou_shore_b
Zot:1:    kennysheep_spiral_hall, layout_gridlike,
          regret_index_zotdec_split_disrupt, grunt_ministairs_4,
          st_single_dragon_hoard_3
Zot:2:    layout_misc_corridors
Zot:3:    kennysheep_ambush_hall, layout_basic, grunt_megastairs_3
Zot:4:    layout_basic, regret_index_zotdec_dark_gr, st_small_dragon_hoard_3,
          grunt_megastairs_4
Zot:5:    layout_gridlike

Skill      XL: |  1  2  3  4  5  6  7  8  9 10 11 12 13 14 15 16 17 18 19 20 21 22 23 24 25 26 |
---------------+-------------------------------------------------------------------------------+-----
Axes           | 3 4 5 6 8 9 11 12 14 15 16 17 | 17.8
Fighting       | 4 5 6 8 9 10 12 13 14 15 16 17 18 19 20 | 20.0
Armour         | 4 5 7 10 12 15 16 | 16.8
Invocations    | 4 6 8 10 11 15 | 15.7
Shields        | 5 7 8 9 11 12 13 15 16 18 19 20 21 | 21.0
Necromancy     | 2 6 9 |  9.3
Polearms       | 2 5 6 |  6.8
Earth Magic    | 1 5 7 9 11 13 14 15 17 18 20 22 25 27 | 27.0
Ice Magic      | 4 6 8 9 11 12 13 14 | 14.2
Spellcasting   | 3 4 7 10 12 | 12.4
Dodging        | 3 6 8 9 10 12 | 12.1
Throwing       | |  0.1

Action                     |  1- 3 |  4- 6 |  7- 9 | 10-12 | 13-15 | 16-18 | 19-21 | 22-24 | 25-27 || total
---------------------------+-------+-------+-------+-------+-------+-------+-------+-------+-------++-------
  Melee: War axe           |    83 |   163 |   420 |   546 |   138 |       |       |       |       ||  1350
         Demon trident     |       |       |       |    26 |    51 |       |       |       |       ||    77
         Broad axe         |       |       |       |       |   833 |  1296 |   954 |       |       ||  3083
         Lance             |       |       |       |       |       |       |   414 |  2768 |  1036 ||  4218
         Unarmed           |       |       |       |       |       |       |    14 |       |       ||    14
  Throw: Dart              |       |     5 |    18 |    17 |     3 |     9 |     2 |       |       ||    54
   Cast: Fugue of the Fall |       |       |       |     7 |    31 |    18 |    25 |    18 |    16 ||   115
         Lee's Rapid Decon |       |       |       |       |     1 |     3 |       |     1 |       ||     5
         Permafrost Erupti |       |       |       |       |       |    88 |   184 |    99 |    25 ||   396
         Dispel Undead     |       |       |       |       |       |       |       |    40 |     5 ||    45
         Shatter           |       |       |       |       |       |       |       |    10 |    36 ||    46
 Invoke: Bend Time         |       |       |     1 |       |       |       |       |       |       ||     1
         Slouch            |       |       |       |     1 |    14 |     3 |     4 |     6 |     5 ||    33
         Step From Time    |       |       |       |       |     1 |       |       |       |     1 ||     2
  Evoke: Wand              |       |     1 |     3 |    13 |     7 |     3 |       |       |     6 ||    33
         Box of beasts     |       |       |       |       |     1 |       |       |       |       ||     1
    Use: Scroll            |       |     3 |    10 |     9 |    12 |    26 |     7 |     8 |     9 ||    84
         Potion            |       |     1 |     2 |     3 |     2 |     6 |     4 |     6 |    13 ||    37
   Stab: Petrified         |       |       |       |       |     4 |    10 |       |       |       ||    14
         Petrifying        |       |       |       |       |     2 |     1 |       |       |       ||     3
         Distracted        |       |       |       |       |     1 |     1 |     3 |     5 |       ||    10
         Confused          |       |       |       |       |       |       |     4 |       |       ||     4
         Sleeping          |       |       |       |       |       |       |       |     1 |       ||     1
 Armour: Scale mail        |    34 |       |       |       |       |       |       |       |       ||    34
         Chain mail        |    51 |   200 |   333 |   406 |   599 |       |       |       |       ||  1589
         Skin              |       |       |     1 |    44 |       |       |     3 |       |       ||    48
         Plate armour      |       |       |       |       |     8 |  1037 |   669 |   779 |   482 ||  2975
  Dodge: Dodged            |    23 |    73 |   128 |   146 |   161 |   245 |   308 |   487 |   265 ||  1836
  Block: Buckler           |    18 |    37 |    87 |   104 |       |       |       |       |       ||   246
         Kite shield       |       |       |       |   243 |   912 |  1393 |       |       |       ||  2548
         Reflection        |       |       |       |     3 |    70 |   186 |    39 |       |       ||   298
         Tower shield      |       |       |       |       |       |    90 |  2053 |  2848 |  1137 ||  6128

Table legend: (Time is in decaauts)
 A = Elapsed time spent in this place.
 B = Non-inter-level travel time spent in this place.
 C = Inter-level travel time spent in this place.
 D = Time resting spent in this place.
 E = Time spent auto-exploring this place.
 F = Levels seen in this place.
 G = Mean time per level.
                   A        B        C        D        E       F      G
               +--------+--------+--------+--------+--------+-----+--------+
         Total | 111283 | 100332 |  10951 |   6848 |  76615 |  62 | 1794.9 |
       Dungeon |  25894 |  22111 |   3783 |   1959 |  16760 |  15 | 1726.3 |
          Lair |  12808 |  11187 |   1621 |      0 |   9964 |   5 | 2561.6 |
        Shoals |   9800 |   9444 |    356 |    498 |   7212 |   4 | 2450.0 |
     Snake Pit |   9851 |   9139 |    712 |    552 |   7437 |   4 | 2462.8 |
    Slime Pits |   2590 |   2282 |    308 |    204 |   1420 |   5 |  518.0 |
  Orcish Mines |   5107 |   4126 |    981 |   1583 |   1889 |   2 | 2553.5 |
   Elven Halls |   7693 |   6766 |    927 |    338 |   5201 |   3 | 2564.3 |
        Vaults |  13402 |  12531 |    871 |    947 |   9317 |   5 | 2680.4 |
        Depths |  10045 |   9278 |    767 |    662 |   6870 |   4 | 2511.2 |
           Zot |   7966 |   7345 |    621 |     45 |   6382 |   5 | 1593.2 |
         Abyss |   1535 |   1535 |      0 |      0 |    945 |   5 |  307.0 |
        Bazaar |    153 |    153 |      0 |      0 |    142 |   1 |  153.0 |
         Trove |     59 |     59 |      0 |      0 |      3 |   1 |   59.0 |
       Ossuary |    675 |    675 |      0 |      0 |    349 |   1 |  675.0 |
        Wizlab |   1638 |   1638 |      0 |     59 |   1149 |   1 | 1638.0 |
    Desolation |   2059 |   2059 |      0 |      0 |   1570 |   1 | 2059.0 |
               +--------+--------+--------+--------+--------+-----+--------+

Top non-repeatable levels by time:
Depths:3: 4143 daAuts
Vaults:4: 3922 daAuts
   Elf:3: 3790 daAuts
 Snake:1: 3581 daAuts
Shoals:4: 3362 daAuts
   Orc:2: 3194 daAuts
  Lair:5: 3093 daAuts
  Lair:3: 2948 daAuts
     D:9: 2748 daAuts
 Snake:4: 2735 daAuts
    D:15: 2729 daAuts
  Lair:2: 2633 daAuts
Vaults:3: 2603 daAuts
   Elf:1: 2546 daAuts
    D:10: 2501 daAuts
